 Dungeon Crawl Stone Soup version bcrawl-1.19.1 (webtiles) character file.

Game seed: 2675405852599831918

120 JackS81 the Cudgeler (level 4, -9/35 HPs)
             Began as a Minotaur Archaeologist on Nov 29, 2019.
             Mangled by a two-headed ogre
             ... wielding a +0 giant club
              (22 damage)
             ... on level 4 of the Dungeon.
             The game lasted 00:05:55 (2962 turns).

JackS81 the Cudgeler (Minotaur Archaeologist)       Turns: 2962, Time: 00:05:55

Health: -9/35      AC:  6    Str: 20    XL:     4   Next: 75%
Magic:  3/3        EV: 13    Int: 11    God:
Gold:   235        SH:  0    Dex: 10    Spells: 3/3 levels left

rFire    . . .     SeeInvis .   z - +0 blowgun
rCold    . . .     Gourm    .   (no shield)
rNeg     . . .     Faith    .   b - +1 robe
rPois    .         Spirit   .   c - +1 hat
rElec    .         Reflect  .   h - scarf {stasis}
rCorr    .         Harm     .   (no gloves)
MR       .....                  d - +1 pair of boots
Stlth    ++........             (no amulet)
HPRegen  0.11/turn              (no ring)
MPRegen  0.08/turn              (no ring)

@: mighty, studying Crossbows
A: retaliatory headbutt, horns 2
a: no special abilities


You were on level 4 of the Dungeon.
You were not hungry.

You visited 1 branch of the dungeon, and saw 4 of its levels.

You collected 235 gold pieces.

Inventory:

Hand Weapons
 a - a +0 whip
 t - a +4 whip
 z - a +0 blowgun (weapon)
 A - a +0 whip of pain
Missiles
 k - 256 bolts
 o - 669 stones
 p - 278 sling bullets
 B - 159 poisoned needles (quivered)
Armour
 b - a +1 robe (worn)
 c - a +1 hat (worn)
 d - a +1 pair of boots (worn)
 h - a scarf of stasis (worn)
 n - a +1 pair of gloves
Jewellery
 s - a cursed ring of teleportation {unknown}
 u - an uncursed ring of protection from magic {unknown}
Wands
 y - a wand of digging (10)
Scrolls
 i - 2 scrolls of identify {unknown}
 l - 3 scrolls of remove curse {unknown}
 m - 4 scrolls of teleportation {unknown}
 x - a scroll of amnesia {unknown}
 D - a scroll of fog {unknown}
Potions
 j - a potion of might
 q - 2 potions of agility {unknown}
 r - a potion of haste {unknown}
 v - 2 potions of heal wounds {unknown}
 w - 2 potions of lignification {unknown}
Books
 e - a manual of Crossbows
Miscellaneous
 f - an ancient crate
Comestibles
 g - 7 rations {!d}


   Skills:
 + Level 1.4 Fighting
 * Level 5.4 Maces & Flails
 * Level 0.3 Armour
 * Level 3.4 Dodging
 - Level 2.6 Stealth


You had 3 spell levels left.
You didn't know any spells.
Your spell library was empty.

Dungeon Overview and Level Annotations

Branches:
Dungeon (4/12)
 Temple: D:4-7

Altars:
Ashenzari
Hepliaklqana


Innate Abilities, Weirdness & Mutations

You reflexively headbutt those who attack you in melee.
You have a pair of horns on your head.


Message History

Aim: a two-headed ogre, wielding two +0 giant clubs You shoot a poisoned needle.
The poisoned needle hits the two-headed ogre.
The two-headed ogre is poisoned.
Firing (i - inventory. (/) - cycle)
B - 160 poisoned needles (quivered)
Press: ? - help, Shift-Dir - straight line, f/p - two-headed ogre
Aim: a two-headed ogre, wielding two +0 giant clubs (lightly wounded, poisoned)
You shoot a poisoned needle.
The poisoned needle hits the two-headed ogre.
The two-headed ogre looks even sicker.
The two-headed ogre is lightly wounded.
The two-headed ogre closely misses you.
The two-headed ogre hits you with a +0 giant club!!
Ouch! That really hurt!
The two-headed ogre looks more healthy.
It was a potion of might.
You feel very mighty all of a sudden.
The two-headed ogre hits you with a +0 giant club!!
Ouch! That really hurt!
You die...

.............(............##
..........#............##.#
.......>.###..........## ##
.........####.........#
...........###..#.....##
...........##.....#...#
...........###....#...
#............###......##
#............##.@......#
.............###O......# ...
#.......##.#....## #..
#...##..##.######
###..##...##..##...#
#.....#...#......###
#...............#
#...............##
##$......#.......#


You could see a two-headed ogre.

Vanquished Creatures
  A worker ant (D:3)
  An adder (D:3)
  2 adder skeletons (D:4)
  2 worms (D:2)
  4 leopard geckos
  An orc (D:3)
  3 giant cockroaches
  8 goblins
  4 hobgoblins
  7 jackals
  15 kobolds
  2 quokkas
  A ball python (D:1)
  5 bats
  3 frilled lizards
  8 rats
67 creatures vanquished.

Notes
Turn   | Place    | Note
-------+----------+-------------------------------------------
     0 | D:1      | JackS81 the Minotaur Archaeologist began the quest for the
                  | Orb.
     0 | D:1      | Reached XP level 1. HP: 16/16 MP: 0/0
   110 | D:1      | Reached skill level 2 in Maces & Flails
   307 | D:1      | Reached XP level 2. HP: 23/23 MP: 1/1
   530 | D:1      | Reached skill level 3 in Maces & Flails
  1113 | D:2      | Reached XP level 3. HP: 28/28 MP: 2/2
  1345 | D:2      | Reached skill level 4 in Maces & Flails
  1994 | D:3      | Found a hazy altar of Hepliaklqana.
  2403 | D:3      | Reached skill level 5 in Maces & Flails
  2403 | D:3      | Reached XP level 4. HP: 23/35 MP: 3/3
  2624 | D:3      | Found a shattered altar of Ashenzari.
  2943 | D:4      | Noticed a two-headed ogre
  2962 | D:4      | Mangled by a two-headed ogre

Skill      XL: |  1  2  3 |
---------------+----------+-----
Maces & Flails | 2 3 5 |  5.4
Fighting       | |  1.4
Armour         | |  0.3
Dodging        | |  3.4
Stealth        | |  2.6

Action                   |  1- 3 |  4- 6 || total
-------------------------+-------+-------++-------
Melee: Whip              |   129 |    27 ||   156
       Headbutt          |    13 |     1 ||    14
 Fire: Blowgun           |     3 |     7 ||    10
Throw: Stone             |    10 |       ||    10
  Use: Potion            |       |     1 ||     1
 Stab: Sleeping          |     5 |       ||     5
  Eat: Chunk             |     4 |     2 ||     6
Armor: Robe              |    35 |     5 ||    40
Dodge: Dodged            |    75 |    15 ||    90
